 Dungeon Crawl Stone Soup version 0.16-a0-3171-gce70061 (webtiles) character file.

112 Ololoev the Slasher (level 4, -3/35 HPs)
             Began as a Mummy Chaos Knight on Dec 16, 2014.
             Was a Plaything of Xom.
             Slain by a goblin
             ... wielding a +0 dagger
              (5 damage)
             ... on level 3 of the Dungeon.
             The game lasted 00:01:56 (1475 turns).

Ololoev the Slasher (Mummy Chaos Knight)            Turns: 1475, Time: 00:01:57

Health: -3/35      AC:  5    Str: 16    XL:     4   Next: 64%
Magic:  4/4        EV: 11    Int: 16    God:    Xom [.*....]
Gold:   106        SH:  0    Dex: 11    Spells: 0 memorised, 3 levels left

rFire  x . .     SeeInvis .     a - +0 falchion (chaos)
rCold  + . .     Clarity  .     b - +2 leather armour
rNeg   + + +     SustAb   .     (no shield)
rPois  ∞         Gourm    .     (no helmet)
rElec  .         Spirit   .     (no cloak)
rCorr  .         Warding  .     (no gloves)
rMut   .         Stasis   .     (no boots)
MR     .....                    (no amulet)
Stlth  +.........               (no ring)
                                (no ring)

@: brilliant, not resistant to hostile enchantments, very unstealthy
A: no food or potions, fire vulnerability, restore body, cold resistance 1,
negative energy resistance 3, poison resistance, torment resistance, unbreathing
a: Renounce Religion


You were on level 3 of the Dungeon.
You worshipped Xom.
You were a plaything of Xom.
You were not hungry.

You visited 1 branch of the dungeon, and saw 3 of its levels.

You collected 106 gold pieces.

Notes
Turn   | Place    | Note
--------------------------------------------------------------
     0 | D:1      | Ololoev, the Mummy Chaos Knight, began the quest for the Orb.
     0 | D:1      | Reached XP level 1. HP: 18/18 MP: 1/1
    98 | D:1      | Reached XP level 2. HP: 18/24 MP: 2/2
   216 | D:1      | XOM: harmless Summ miscast
   506 | D:2      | Found a sacrificial altar of Ru.
   594 | D:2      | Found a bloodstained altar of Trog.
   614 | D:2      | Found a shattered altar of Ashenzari.
   614 | D:2      | Found a burning altar of Makhleb.
   696 | D:2      | Reached XP level 3. HP: 24/29 MP: 3/3
   838 | D:2      | Noticed Ijyb
   840 | D:2      | XOM: mild Hex miscast
   849 | D:2      | Killed Ijyb
  1051 | D:2      | Reached skill level 4 in Long Blades
  1051 | D:2      | Reached XP level 4. HP: 24/35 MP: 4/4
  1195 | D:3      | XOM: divination: detect items
  1376 | D:3      | Found a glowing golden altar of the Shining One.
  1450 | D:3      | XOM: potion effect (brilliance)
  1452 | D:3      | XOM: noise
  1459 | D:3      | XOM: enchant monster (good)
  1475 | D:3      | Slain by a goblin

Inventory:

Hand weapons
 a - a +0 falchion of chaos (weapon)
Armour
 b - a +2 leather armour (worn)
Scrolls
 c - a scroll of identify {unknown}
 d - a scroll of noise {unknown}
 e - a scroll of teleportation {unknown}

Table legend:
 A = Turns spent in this place as a percentage of turns spent in the entire game.
 B = Non-inter-level travel turns spent in this place as a percentage of non-inter-level travel turns spent in the entire game.
 C = Inter-level travel turns spent in this place as a percentage of turns spent in this place.
 D = Turns resting spent in this place as a percentage of non-inter-level travel turns spent in this place.
 E = Turns spent auto-exploring this place as a percentage of non-inter-level travel turns spent in this place.
 F = Non-inter-level travel turns spent in this place divided by the number of levels of this place that you've seen.
                   A       B       C       D       E      F
               +-------+-------+-------+-------+-------+----------------------
         Total | 100.0 | 100.0 |   0.3 |   1.3 |  10.0 | 252.3
       Dungeon | 100.0 | 100.0 |   0.3 |   1.3 |  10.0 | 252.3
               +-------+-------+-------+-------+-------+----------------------


   Skills:
 - Level 3.0 Fighting
 * Level 4.5 Long Blades
 - Level 1.5 Armour
 - Level 0.7 Dodging


You had 3 spell levels left.
You didn't know any spells.

Dungeon Overview and Level Annotations

Branches:
Dungeon (3/15)

Altars:
Ashenzari
Makhleb
Ru
Trog
The Shining One


Innate Abilities, Weirdness & Mutations

You do not eat or drink.
Your flesh is vulnerable to fire.
Your flesh is cold resistant.
You are immune to negative energy.
Your system is resistant to poisons.
You are immune to unholy pain and torment.
You can survive without breathing.


Message History

The gnoll hits you with a club. Something hits you but does no damage.
The rat misses you. The gnoll hits you but does no damage.
You are too injured to fight recklessly!
You are too injured to fight recklessly!
You are too injured to fight recklessly!
You are too injured to fight recklessly!
You are too injured to fight recklessly!
You are too injured to fight recklessly!
You are too injured to fight recklessly!
You are too injured to fight recklessly!
You are too injured to fight recklessly!
You are too injured to fight recklessly!
You are too injured to fight recklessly!
You are too injured to fight recklessly!
You are too injured to fight recklessly!
You are too injured to fight recklessly!
You are too injured to fight recklessly!
You are too injured to fight recklessly!
You are too injured to fight recklessly!
You are too injured to fight recklessly!
You are too injured to fight recklessly!
You are too injured to fight recklessly!
You are too injured to fight recklessly!
You are too injured to fight recklessly!
You are too injured to fight recklessly!
You are too injured to fight recklessly!
You closely miss the gnoll.
The gnoll is moderately wounded.
The gnoll hits you with a club. The rat bites you.
The gnoll hits you from afar with a spear.
Something hits you but does no damage.
You closely miss the gnoll.
The gnoll is moderately wounded.
The rat barely misses you.
The gnoll hits you from afar with a spear.
The gnoll closely misses you.
You hit the gnoll.
The gnoll is severely wounded.
Something hits you.
You die...

#######################
........................
................########
..(.......#####.#
...........# #.##
.......r@.†# ##..#######
.......g{..# #..........
.....g....# #..........
..........# #....(.....
..........# #..........
.........# #.......(.÷
........# ####..####(
.......# ##.# #. ....
#.## #(


You could see 2 gnolls and a rat.

Table legend:
 A = Kills in this place as a percentage of kills in entire the game.
 B = Kills by you in this place as a percentage of kills by you in the entire game.
 C = Kills by friends in this place as a percentage of kills by friends in the entire game.
 D = Other kills in this place as a percentage of other kills in the entire game.
 E = Experience gained in this place as a percentage of experience gained in the entire game.
 F = Experience gained in this place divided by the number of levels of this place that you have seen.
                   A       B       C       D       E      F
               +-------+-------+-------+-------+-------+----------------------
         Total | 100.0 | 100.0 |  -nan |  -nan | 100.0 |  53.7
       Dungeon | 100.0 | 100.0 |  -nan |  -nan | 100.0 |  53.7
               +-------+-------+-------+-------+-------+----------------------

Vanquished Creatures
  Ijyb (D:2)
  4 adders
  A gnoll (D:3)
  A giant mite (D:2)
  2 worms (D:2)
  2 giant geckos
  3 bats
  2 hobgoblins (D:1)
  2 quokkas (D:2)
  A ball python (D:1)
  A giant newt (D:3)
  2 goblins (D:3)
  4 jackals (D:1)
  7 kobolds
  6 rats
39 creatures vanquished.

Action                   |  1- 3 |  4- 6 || total
-------------------------+-------+-------++-------
Melee: Falchion          |    80 |    46 ||   126

Vault maps used:
D:1:      minmay_arrival_open_corners
D:2:      gammafunk_temple_overflow_forgotten, nicolae_ru_the_path_less_chosen,
          uniq_iyjb
D:3:      nicolae_overflow_crystal_walls, nicolae_overflow_hidden_temple,
          fedhas_altar_fruit_tree, lemuel_round_altar,
          okawaru_ov_weapons_minmay, uniq_grinder
